 Dungeon Crawl Stone Soup version 0.29-a0-350-g7790a0e70a (webtiles) character file.

Game seed: 10329482159624954888

172 zeratav the Archer (level 5, -1/29 HPs)
             Began as a Deep Elf Hunter on Apr 22, 2022.
             Slain by a black bear (7 damage)
             ... on level 4 of the Dungeon.
             The game lasted 00:02:37 (2188 turns).

zeratav the Archer (Deep Elf Hunter)                Turns: 2188, Time: 00:02:38

Health: -1/29      AC:  3    Str:  8    XL:     5   Next: 27%
Magic:  7/7        EV: 12    Int: 14    God:
Gold:   225        SH:  0    Dex: 20    Spells: 4/4 levels left

rFire   . . .      SeeInvis .   a - +1 shortbow {bow}
rCold   . . .      Faith    .   (shield currently unavailable)
rNeg    . . .      Spirit   .   b - +0 leather armour
rPois   .          Reflect  .   (no helmet)
rElec   .          Harm     .   (no cloak)
rCorr   .          Rampage  .   (no gloves)
Will    .....                   (no boots)
Stlth   ++........              (no amulet)
HPRegen 0.09/turn               (no ring)
MPRegen 0.10/turn               (no ring)

@: no status effects
A: no striking features
a: no special abilities


You were on level 4 of the Dungeon.
You visited 1 branch of the dungeon, and saw 4 of its levels.

You collected 225 gold pieces.


   Skills:
 - Level 1.5 Fighting
 + Level 8.7 Bows
 - Level 2.4 Dodging
 - Level 1.2 Stealth


You had 4 spell levels left.
You didn't know any spells.
Your spell library contained the following spells:

 Spells                   Type           Power      Damage    Failure   Level
 Animate Skeleton         Necr           0%         N/A       38%         1
 Magic Dart               Conj           0%         1d3       38%         1
 Pain                     Necr           0%         1d4       38%         1
 Call Imp                 Summ           0%         N/A       54%         2
 Mephitic Cloud           Conj/Pois/Air  0%         N/A       77%         3
 Vampiric Draining        Necr           0%         2d6       77%         3

Inventory:

Hand Weapons
 a - a +1 shortbow (weapon) {bow}
Armour
 b - a +0 leather armour (worn)
 d - an orb of light
   (You found it on level 1 of the Dungeon)
 e - a +0 ring mail
   (You found it on level 1 of the Dungeon)
 h - a +0 ring mail
   (You found it on level 1 of the Dungeon)
 k - a +0 leather armour
   (You found it on level 1 of the Dungeon)
 n - a +0 ring mail
   (You found it on level 2 of the Dungeon)
 r - a +0 helmet
   (You found it on level 3 of the Dungeon)
 t - a +0 leather armour
   (You found it on level 3 of the Dungeon)
 v - a +0 leather armour
   (You found it on level 4 of the Dungeon)
 w - a +0 leather armour
   (You found it on level 4 of the Dungeon)
 x - a +0 leather armour
   (You found it on level 4 of the Dungeon)
Scrolls
 c - a scroll of immolation {!r!r}
 i - a scroll of enchant weapon {unknown}
 l - 4 scrolls of identify {unknown}
 m - a scroll of amnesia {unknown}
 p - a scroll of enchant armour {unknown}
 q - 2 scrolls of noise {unknown}
 s - a scroll of holy word {unknown}
Potions
 f - 3 potions of haste {unknown}
 g - a potion of magic {unknown}
 j - 2 potions of might {unknown}
 o - a potion of invisibility {unknown}
 u - a potion of lignification {unknown}

Dungeon Overview and Level Annotations

Branches:
Dungeon (4/15)
 Temple: D:4-7

Altars:
Xom

.......>..# .........# .
........# .. ?...../ .. .....
.# . .r.... . .. #h#.# #.... .
... ########@..###.... # ....
#................# #
.....#...###..........# #
...........#..........########
....##.....................##
... ###.....................
.. #................######
#.#...........##..#####
#.##...................


You could see a black bear (berserk) and a quokka.


Message History

No target in view!
No target in view!
No target in view!
No target in view!
No target in view!
No target in view!
No target in view!
No target in view!
No target in view!
No target in view!
No target in view!
Found a shimmering altar of Xom.
No target in view!
You now have 220 gold pieces (gained 11).
There is a shimmering altar of Xom here.
l - 4 scrolls labelled BENWIH CAPSU (gained 1)
w - a +0 leather armour
There is a shimmering altar of Xom here.
An adder comes into view.
You shoot an arrow. The arrow hits the adder.
The adder hisses angrily.
You shoot an arrow. The arrow closely misses the adder.
A hound comes into view.
You shoot an arrow. The hound barks!
The arrow hits the adder but does no damage.
You shoot an arrow. The arrow hits the adder!
You kill the adder!
You have reached level 5!
HP[+4] MP[+1]
You now have 29 max hp (+4).
Your hp is fully restored (29).
Your mp is fully restored (7).
You shoot an arrow. The arrow hits the hound!
You shoot an arrow. The arrow hits the hound.
The hound bites you. The hound completely misses you.
HP[-1]
You take 1 damage, and now have 28/29 hp.
You shoot an arrow. The arrow barely misses the hound.
The hound bites you but does no damage.
You shoot an arrow. The arrow hits the hound!
You kill the hound!
No target in view!
No target in view!
No target in view!
No target in view!
No target in view!
No target in view!
No target in view!
No target in view!
No target in view!
No target in view!
No target in view!
No target in view!
No target in view!
No target in view!
x - a +0 leather armour You now have 225 gold pieces (gained 5).
A quokka comes into view.
Found a scroll labelled LIPEXTOORPH.
Found a stone staircase leading down.
HP[+1]
Your hp is fully restored (29).
You shoot an arrow. The arrow misses the quokka.
A black bear comes into view.
You shoot an arrow. The arrow barely misses the black bear.
You shoot an arrow.
The arrow closely misses the black bear.
The black bear bites you. The black bear barely misses you.
The black bear claws you.
You shoot an arrow. The arrow hits the black bear.
The black bear bites you. The black bear misses you.
The black bear barely misses you.
You shoot an arrow. The arrow hits the black bear!
The black bear misses you.
The black bear claws you but does no damage.
The black bear claws you.
You are too injured to fight recklessly!
You are too injured to fight recklessly!
HP[-10]
You take 10 damage, and now have 19/29 hp.
MASSIVE DAMAGE!! (PAUSE)
You are too injured to fight recklessly!
You are too injured to fight recklessly!
You are too injured to fight recklessly!
You are too injured to fight recklessly!
You are too injured to fight recklessly!
You are too injured to fight recklessly!
Shoot: a) +1 shortbow {bow}
Press: ? - help, Q - select action Shift-Dir - straight line, f/p - black bear
Aim: a black bear (heavily wounded, 73% to hit)
You shoot an arrow. The arrow hits the black bear!
The black bear goes berserk!
Shoot: a) +1 shortbow {bow}
Press: ? - help, Q - select action Shift-Dir - straight line, f/p - black bear
Aim: a black bear (almost dead, berserk, 73% to hit)
You shoot an arrow.
The arrow hits the black bear but does no damage.
The black bear bites you!
* * * LOW HITPOINT WARNING * * *
The black bear barely misses you. The black bear claws you.
* * * LOW HITPOINT WARNING * * *
The black bear bites you!
You die...

Skill      XL: |  1  2  3  4 |
---------------+-------------+-----
Bows           | 6 7 8 |  8.7
Fighting       | |  1.5
Dodging        | |  2.4
Stealth        | |  1.2

Action                   |  1- 3 |  4- 6 || total
-------------------------+-------+-------++-------
 Fire: Shortbow          |    90 |    52 ||   142
Armor: Leather armour    |     6 |     2 ||     8
Dodge: Dodged            |    10 |     8 ||    18

Levels and vault maps discovered:
D:1:      lightli_iron_boxes, layout_rooms,
          hellmonk_ecumenical_altar_leap_of_faith, item_on_display_a
D:2:      layout_loops_ring
D:3:      layout_basic
D:4:      layout_rooms, lemuel_round_altar

Notes
Turn   | Place    | Note
-------+----------+-------------------------------------------
     0 | D:1      | zeratav the Deep Elf Hunter began the quest for the Orb.
     0 | D:1      | Reached XP level 1. HP: 12/12 MP: 3/3
     0 | D:1      | magus.rc [v1.9.6]
    40 | D:1      | Reached skill level 6 in Bows
    40 | D:1      | Reached XP level 2. HP: 16/16 MP: 4/4
   109 | D:1      | Found a faded altar of an unknown god.
   159 | D:1      | You pick up a book of Minor Magic and begin reading...
   159 | D:1      | You add the spells Magic Dart, Call Imp and Mephitic Cloud
                  | to your library.
   213 | D:1      | Reached XP level 3. HP: 20/20 MP: 5/5
   417 | D:1      | Reached skill level 7 in Bows
   546 | D:2      | You pick up a book of Necromancy and begin reading...
   546 | D:2      | You add the spells Pain, Animate Skeleton and Vampiric
                  | Draining to your library.
  1097 | D:2      | Reached XP level 4. HP: 25/25 MP: 6/6
  2043 | D:4      | Reached skill level 8 in Bows
  2110 | D:4      | Found a shimmering altar of Xom.
  2145 | D:4      | Reached XP level 5. HP: 29/29 MP: 7/7
  2182 | D:4      | Noticed a black bear
  2188 | D:4      | HP: 6/29 [black bear (5)]
  2188 | D:4      | Slain by a black bear

Vanquished Creatures
  2 hounds (D:4)
  4 adders
  A worm (D:4)
  6 dart slugs
  4 endoplasms
  3 giant cockroaches
  5 goblins
  6 hobgoblins
  7 jackals
  4 kobolds
  3 quokkas
  5 ball pythons
  3 bats (D:1)
  6 frilled lizards
  4 rats
63 creatures vanquished.

Table legend:
 A = Non-vault XP
 B = Vault XP
 C = Vault XP percentage of total XP
 D = Non-vault monster count
 E = Vault monster count
 F = Vault count percentage of total count
                 A         B        C        D         E       F
            +---------+---------+-------+---------+---------+-------
      Total |     247 |       0 |   0.0 |      63 |       0 |   0.0
            +---------+---------+-------+---------+---------+-------
        D:1 |      64 |       0 |   0.0 |      35 |       0 |   0.0
        D:2 |      33 |       0 |   0.0 |      12 |       0 |   0.0
        D:3 |      42 |       0 |   0.0 |       8 |       0 |   0.0
        D:4 |     108 |       0 |   0.0 |       8 |       0 |   0.0
            +---------+---------+-------+---------+---------+-------

Illustrated notes

Table legend:
 A = Kills in this place as a percentage of kills in entire the game.
 B = Kills by you in this place as a percentage of kills by you in the entire game.
 C = Kills by friends in this place as a percentage of kills by friends in the entire game.
 D = Other kills in this place as a percentage of other kills in the entire game.
 E = Experience gained in this place as a percentage of experience gained in the entire game.
 F = Experience gained in this place divided by the number of levels of this place that you have seen.
                   A       B       C       D       E      F
               +-------+-------+-------+-------+-------+----------------------
         Total | 100.0 | 100.0 |   N/A |   N/A | 100.0 |  61.8
       Dungeon | 100.0 | 100.0 |   N/A |   N/A | 100.0 |  61.8
               +-------+-------+-------+-------+-------+----------------------

Table legend: (Time is in decaauts)
 A = Elapsed time spent in this place.
 B = Non-inter-level travel time spent in this place.
 C = Inter-level travel time spent in this place.
 D = Time resting spent in this place.
 E = Time spent auto-exploring this place.
 F = Levels seen in this place.
 G = Mean time per level.
                   A        B        C        D        E       F      G
               +--------+--------+--------+--------+--------+-----+--------+
         Total |   2216 |   2149 |     67 |      0 |   1879 |   4 |  554.0 |
       Dungeon |   2216 |   2149 |     67 |      0 |   1879 |   4 |  554.0 |
               +--------+--------+--------+--------+--------+-----+--------+

Top non-repeatable levels by time:
     D:3: 787 daAuts
     D:2: 697 daAuts
     D:1: 549 daAuts
     D:4: 182 daAuts
